 Dungeon Crawl Stone Soup version 0.29-a0-323-g050149af67 (webtiles) character file.

Game seed: 14159997638679859622

60 rageheart7 the Skirmisher (level 4, -8/41 HPs)
             Began as a Ghoul Chaos Knight on Apr 10, 2022.
             Was a Plaything of Xom.
             Mangled by a gnoll
             ... wielding a +0 flail
              (11 damage)
             ... on level 2 of the Dungeon.
             The game lasted 00:02:29 (1241 turns).

rageheart7 the Skirmisher (Ghoul Chaos Knight)      Turns: 1241, Time: 00:02:30

Health: -8/41      AC:  6    Str: 17    XL:     4   Next: 6%
Magic:  3/3        EV: 11    Int:  7    God:    Xom [......]
Gold:   57         SH:  0    Dex:  8    Spells: 3/3 levels left

rFire   . . .      SeeInvis .   f - +2 dagger (venom)
rCold   + . .      Faith    .   (no shield)
rNeg    + + +      Spirit   .   a - +2 leather armour
rPois   ∞          Reflect  .   (no helmet)
rElec   .          Harm     .   h - +0 cloak
rCorr   .          Rampage  .   (no gloves)
Will    .....                   (no boots)
Stlth   +.........              (no amulet)
HPRegen 0.00/turn               (no ring)
MPRegen 0.08/turn               (no ring)

@: inhibited regen
A: claws 1, cold resistance 1, negative energy resistance 3, inhibited
regeneration, torment resistance 2, devour on kill
a: Renounce Religion


You were on level 2 of the Dungeon.
You worshipped Xom.
You were a very special plaything of Xom.
You visited 1 branch of the dungeon, and saw 2 of its levels.

You collected 57 gold pieces.

Inventory:

Hand Weapons
 f - a +2 dagger of venom (weapon)
Armour
 a - a +2 leather armour (worn)
 h - a +0 cloak (worn)
Scrolls
 c - a scroll of amnesia {unknown}
 d - a scroll of blinking {unknown}
 k - 2 scrolls of holy word {unknown}
Potions
 e - a potion of ambrosia {unknown}
 g - a potion of might {unknown}
 i - a potion of berserk rage {unknown}
 j - a potion of curing {unknown}
 l - a potion of heal wounds {unknown}
Miscellaneous
 b - a piece from Xom's chessboard (13/15) (quivered)


   Skills:
 * Level 4.4 Fighting
 - Level 1.7 Armour
 - Level 0.8 Dodging
 * Level 4.4 Unarmed Combat


You had 3 spell levels left.
You didn't know any spells.
Your spell library was empty.

Dungeon Overview and Level Annotations

Branches:
Dungeon (2/15)

Altars:

Shops:
D:1 *


Innate Abilities, Weirdness & Mutations

You are immune to poison.
You have sharp fingernails.
Your flesh is cold resistant. (rC+)
You are immune to negative energy. (rN+++)
You do not regenerate when monsters are visible.
You are immune to unholy pain and torment.
You thrive by killing the living.


Message History

You see here a +0 spear.
You hit the gnoll.
The gnoll is lightly wounded.
The gnoll hits you with a +0 spear.
You hit the gnoll but do no damage.
The gnoll is poisoned.
The gnoll is lightly wounded.
The gnoll closely misses you.
You closely miss the gnoll.
The gnoll is lightly wounded.
The gnoll hits you but does no damage.
You barely miss the gnoll.
The gnoll is lightly wounded.
The gnoll hits you with a +0 spear.
You hit the gnoll but do no damage.
The gnoll looks even sicker.
The gnoll is moderately wounded.
The gnoll hits you but does no damage.
Unknown command.
You hit the gnoll but do no damage.
The gnoll is moderately wounded.
The gnoll hits you with a +0 spear.
You barely miss the gnoll.
The gnoll is moderately wounded.
The gnoll hits you but does no damage.
The gnoll hits you from afar with a +0 spear.
* * * LOW HITPOINT WARNING * * *
You kill the gnoll!
You have reached level 4!
You make a move on Xom's chessboard...
The gnoll is moving more slowly. "This might be better!"
The gnoll evaporates and reforms as a howler monkey!
The howler monkey barely misses you.
You closely miss the howler monkey. The howler monkey hits you.
* * * LOW HITPOINT WARNING * * *
The howler monkey hoots and howls with incredible vigour!
You hear a shout!
You closely miss the howler monkey. The howler monkey hits you.
* * * LOW HITPOINT WARNING * * *
The gnoll attacks as you move away! The gnoll hits you with a +0 flail!
You die...
Xom chortles!

#####.##.# #.##### #
#.##.###.....# #
#......#####.# ###
#........###.## ..#
#.............# #.#
##.........#..# #.#
#............# #.#
###.......##.########...
#.######.#......@h.).)...(...
#.......)))..####g########...
#..######.#..####.# #..#
#.#.÷##...#
#..######.#..##.###
#..##.....#.÷##.#
#..##.###.#..##.# #.....#
#.......# ##.##.###..#.####


You could see a howler monkey and a gnoll.

Vanquished Creatures
  2 gnolls (D:2)
  3 orcs (D:2)
  4 endoplasms
  3 giant cockroaches (D:1)
  3 goblins
  3 hobgoblins (D:1)
  6 quokkas
  A ball python (D:2)
  3 bats (D:1)
  2 frilled lizards
  3 kobolds (D:1)
  3 rats
36 creatures vanquished.

Notes
Turn   | Place    | Note
-------+----------+-------------------------------------------
     0 | D:1      | rageheart7 the Ghoul Chaos Knight began the quest for the
                  | Orb.
     0 | D:1      | Reached XP level 1. HP: 19/19 MP: 0/0
    63 | D:1      | Found Afote's Assorted Antiques.
    88 | D:1      | Reached XP level 2. HP: 24/26 MP: 1/1
   209 | D:1      | XOM: divination: detect items
   278 | D:1      | XOM: silly message
   540 | D:1      | Reached XP level 3. HP: 30/33 MP: 2/2
   589 | D:1      | XOM: divination: magic mapping
   698 | D:1      | XOM: divination: magic mapping
   918 | D:2      | XOM is BORED!
   918 | D:2      | XOM: 1-stop teleportation journey
  1234 | D:2      | Reached XP level 4. HP: 11/41 MP: 3/3
  1236 | D:2      | XOM: polymorph gnoll -> howler monkey
  1241 | D:2      | Mangled by a gnoll

Illustrated notes

Levels and vault maps discovered:
D:1:      lemuel_arrival_behind_the_door_large, layout_loops_ring, serial_shops,
          nicolae_square_shop
D:2:      layout_loops_ring, serial_shops, nicolae_shop_hallway_plus

Skill      XL: |  1  2  3 |
---------------+----------+-----
Unarmed Combat | 4 |  4.4
Fighting       | 4 |  4.4
Armour         | |  1.7
Dodging        | |  0.8

Action                   |  1- 3 |  4- 6 || total
-------------------------+-------+-------++-------
Melee: Unarmed           |    28 |       ||    28
       Dagger            |    67 |     2 ||    69
       Punch             |     1 |       ||     1
Evoke: Piece from Xom's  |     2 |     1 ||     3
Armor: Leather armour    |    40 |       ||    40
Dodge: Dodged            |    49 |     1 ||    50

Table legend: (Time is in decaauts)
 A = Elapsed time spent in this place.
 B = Non-inter-level travel time spent in this place.
 C = Inter-level travel time spent in this place.
 D = Time resting spent in this place.
 E = Time spent auto-exploring this place.
 F = Levels seen in this place.
 G = Mean time per level.
                   A        B        C        D        E       F      G
               +--------+--------+--------+--------+--------+-----+--------+
         Total |   1238 |   1226 |     12 |      0 |    967 |   2 |  619.0 |
       Dungeon |   1238 |   1226 |     12 |      0 |    967 |   2 |  619.0 |
               +--------+--------+--------+--------+--------+-----+--------+

Top non-repeatable levels by time:
     D:1: 775 daAuts
     D:2: 462 daAuts
